Cogmind - Beta 15 @@@ ROGUE MODE // 2025.06.16 @ 18:31:01 Player: EX-OCT Result: Destroyed by AG-41829 with Assembled Focal Cannon Performance ------------- Evolutions (3) 1500 Regions Visited (10) 2000 Robots Destroyed (100) 500 Value Destroyed (3045) 3045 Prototype IDs (11) 220 Alien Tech Used (0) 0 Bonus (1316) 1316 TOTAL SCORE: 8581 Bonus ------- High Alert Combat Kills 13 Follower Combat Kills 342 Destroyed Z-Imprinter 1000 Friendly Fire -39 Cogmind --------- Core Integrity 0/700 Matter 280/300 Energy 1/100 System Corruption 0% Temperature Cool (10) Movement Rolling (305) Ox15 Location -7/Deep Caves Parts ------- > --- POWER (1) -------- (None) > --- PROPULSION (5) --- Wheel > --- UTILITY (5) ------ Cooling System Cargo Storage Unit Improved Shield Generator > --- WEAPON (2) ------- Zionite Laser-S Chainsword > --- INVENTORY (30) --- Deuterium Engine Deuterium Engine Zionite Light DM Reactor Improved Heat Sink Experimental Heat Sink Experimental Heat Sink Cooling System High-capacity Matter Pod (200) Improved Terrain Scanner Advanced Targeting Computer Zionite Weapon Casing Zionite Weapon Casing System Shield Zionite Laser-S Zionite Laser-S High-powered Shotgun Flak Gun Flak Gun Mini Grenade Launcher Mini Grenade Launcher Remote Datajack Mace Chainsword CR-A16's Pointy Stick Peak State ------------ > --- POWER ------------ Zionite Light DM Reactor > --- PROPULSION ------- Wheel Wheel Armored Huge Wheel Zionite Glidesys I > --- UTILITY ---------- Cooling System Cargo Storage Unit Zionite Light Carapace Zionite Light Carapace > --- WEAPON ----------- Zionite Laser-S Zionite Laser-S > --- INVENTORY -------- Deuterium Engine Deuterium Engine Zionite Light DM Reactor Improved Heat Sink Experimental Heat Sink Experimental Heat Sink Cooling System High-capacity Matter Pod Improved Terrain Scanner Advanced Targeting Computer Phase Shifter Zionite Weapon Casing Zionite Weapon Casing Zionite Weapon Casing Zionite Light Carapace Improved Shield Generator System Shield Zionite Laser-S Zionite Laser-S High-powered Shotgun Flak Gun Flak Gun Mini Grenade Launcher Mini Grenade Launcher Remote Datajack Mace Chainsword Chainsword CR-A16's Pointy Stick [Rating: 64] Favorites ----------- Power Reinforced Deuterium Engine Engine Reinforced Deuterium Engine Power Core Light Nuclear Core Reactor Zionite Light DM Reactor Propulsion Wheel Treads Light Treads Leg Zionite Composite Leg I Wheel Wheel Hover Unit Zionite Glidesys I Utility Cargo Storage Unit Device Sensor Array Storage Cargo Storage Unit Hackware Hacking Suite Protection Insulated Plating Weapon Enhanced Autogun Energy Gun Zionite Laser-S Ballistic Gun Enhanced Autogun Ballistic Cannon Improved Light Cannon Launcher Mini Grenade Launcher Slashing Weapon Chainsword Build | -11 -10 -10 -9 -9 -8 -7 -7 -7 -7 -7 ------- Run | Yrd Mat Min Mat Min Mat Fac Low Low Zio Dee Slots Evolved 6 | . . . 2 . 2 2 . . . . Power . | . . . . . . . . . . . Propulsion 3 | . . . . . 2 1 . . . . Utility 3 | . . . 2 . . 1 . . . . Weapon . | . . . . . . . . . . . Parts Attached 88 | 7 5 1 14 1 16 19 1 1 . 23 Power 9 | 1 . . 2 . 3 1 . . . 2 Engine 5 | 1 . . 2 . 1 1 . . . . Core 2 | . . . . . 2 . . . . . Reactor 2 | . . . . . . . . . . 2 Propulsion 32 | 2 2 . 6 . 10 9 . . . 3 Treads 5 | 1 . . . . 2 2 . . . . Leg 2 | . . . . . 1 . . . . 1 Wheel 24 | 1 2 . 6 . 7 7 . . . 1 Hover 1 | . . . . . . . . . . 1 Flight . | . . . . . . . . . . . Utility 23 | 1 2 . 1 . 1 3 . 1 . 14 Device 6 | 1 1 . . . . . . . . 4 Storage 2 | . . . 1 . . . . . . 1 Processor . | . . . . . . . . . . . Hackware 2 | . 1 . . . 1 . . . . . Protection 13 | . . . . . . 3 . 1 . 9 Artifact . | . . . . . . . . . . . Weapon 24 | 3 1 1 5 1 2 6 1 . . 4 Energy Gun 5 | 1 . . . . . 1 . . . 3 Energy Cannon . | . . . . . . . . . . . Ballistic Gun 8 | 2 1 . 2 . 1 1 . . . 1 Ballistic Cannon 4 | . . 1 1 1 1 . . . . . Launcher 5 | . . . 2 . . 2 1 . . . Special Weapon . | . . . . . . . . . . . Impact Weapon . | . . . . . . . . . . . Slashing Weapon 2 | . . . . . . 2 . . . . Piercing Weapon . | . . . . . . . . . . . Special Melee Weapon . | . . . . . . . . . . . Unidentified Prototypes 11 | . . . . . 1 2 . . . 8 Parts Lost 46 | . 1 . 4 . 16 2 . 1 . 22 Power 5 | . . . . . 2 . . . . 3 Propulsion 21 | . . . 3 . 8 2 . . . 8 Utility 11 | . 1 . . . . . . 1 . 9 Weapon 9 | . . . 1 . 6 . . . . 2 Highest Loss Streak 10 | . 1 . 3 . 8 2 . 1 . 10 To Critical Strikes . | . . . . . . . . . . . Average Backups 22 | 1 4 4 12 29 24 29 28 26 26 25 Power 2 | . 1 1 . 4 4 3 2 2 2 2 Propulsion 3 | . 1 . 3 8 3 3 4 4 4 2 Utility 9 | . . 1 6 10 12 13 13 11 11 10 Weapon 6 | . 1 1 2 7 4 7 8 8 8 9 Tool/Special . | . . . . . . . . . . . Unused Backups 28 | . . . 1 . . 10 . 1 . 16 Power 5 | . . . 1 . . 1 . . . 3 Propulsion . | . . . . . . . . . . . Utility 15 | . . . . . . 6 . 1 . 8 Weapon 7 | . . . . . . 3 . . . 4 Tool/Special 1 | . . . . . . . . . . 1 Average Slot Usage (%) 85 | . 94 100 86 88 81 88 84 83 84 71 Engine 7 | . 14 14 11 11 3 5 7 7 7 2 Wheel 27 | . 17 28 21 22 32 33 30 30 30 22 Device 4 | . 17 14 11 11 . . . . . 1 Storage 7 | . . . 10 11 9 7 7 7 7 7 Hackware 12 | . 5 14 11 11 17 15 15 15 15 . Protection 5 | . . . . . . 6 7 6 7 16 Ballistic Gun 13 | . 28 24 13 13 5 8 14 15 15 8 Ballistic Cannon 3 | . . 3 8 6 10 3 . . . . Peak Build Rating 64 | 8 9 9 20 20 28 43 43 44 44 64 Average Rating 30 | 6 7 9 14 19 21 36 42 43 43 49 On Entrance 24 | . 8 9 9 20 20 28 43 43 43 44 Naked Turns . | . . . . . . . . . . . Heaviest Build 180 | 10 11 11 156 158 158 168 165 165 165 180 Greatest Support 66 | 20 20 20 32 26 58 62 62 62 62 66 Greatest Overweight (x) 48 | . 1 . 9 6 48 4 2 2 2 16 Average Overweight (x) 2 | . . . 5 5 3 2 2 2 2 2 Largest Inventory Capacity 30 | 5 5 5 30 30 30 30 30 30 30 30 Average Capacity 26 | 5 5 5 29 30 30 30 30 30 30 30 Most Carried 30 | 4 5 5 30 29 28 30 30 30 30 30 Average Carried 23 | 2 4 4 13 29 24 29 30 29 29 26 Final Capacity 30 | 5 5 5 30 30 30 30 30 30 30 30 Final Carried 30 | 4 5 5 29 29 28 30 30 29 30 24 Class Distribution -------------------- 86% | Hauler-Mutant 12% | Mutant Dominant Class ---------------- Mutant | -10/Materials Mutant | -10/Mines Hauler-Mutant | -9/Materials Hauler-Mutant | -9/Mines Hauler-Mutant | -8/Materials Hauler-Mutant | -7/Factory Hauler-Mutant | -7/Lower Caves Hauler-Mutant | -7/Lower Caves Hauler-Mutant | -7/Zion Hauler-Mutant | -7/Deep Caves Resources | -11 -10 -10 -9 -9 -8 -7 -7 -7 -7 -7 ----------- Run | Yrd Mat Min Mat Min Mat Fac Low Low Zio Dee Matter Collected 3400 | 294 198 64 542 195 752 503 69 403 . 380 Remotely . | . . . . . . . . . . . Salvage Created 3243 | 83 352 43 665 162 780 686 61 223 . 188 Parts 188 | 5 24 6 44 19 35 41 . 9 . 5 Haulers Intercepted 2 | . 1 . . . 1 . . . . . Recyclers Shooed 6 | 1 1 . 4 . . . . . . . Parts Field Recycled . | . . . . . . . . . . . Retrieved Matter . | . . . . . . . . . . . Parts Self-Destructed 16 | . . . . . . . . 12 4 . Prevented . | . . . . . . . . . . . Kills | -11 -10 -10 -9 -9 -8 -7 -7 -7 -7 -7 ------- Run | Yrd Mat Min Mat Min Mat Fac Low Low Zio Dee Combat Hostiles Destroyed 82 | . 9 3 12 6 24 12 4 5 . 7 Melee 1 | . . . . . . . . . . 1 Guns 48 | . 9 3 6 2 13 4 . 5 . 6 Cannons 18 | . . . 2 1 11 4 . . . . AOE 15 | . . . 4 3 . 4 4 . . . Classes Destroyed 17 | 2 5 . 3 1 1 3 . . . 2 Worker 7 | . . . 3 1 1 2 . . . . Builder 2 | . . . . 1 . 1 . . . . Tunneler 1 | 1 . . . . . . . . . . Hauler 2 | . 1 . . . 1 . . . . . Recycler 9 | 1 . . 2 1 . 5 . . . . Operator 1 | . 1 . . . . . . . . . Watcher 2 | . 1 . 1 . . . . . . . Swarmer 19 | . 3 3 . 6 7 . . . . . Grunt 35 | . 6 . 6 . 12 4 4 3 . . Brawler 4 | . . . . . 2 1 . 1 . . Duelist 4 | . . . 2 . 1 . . 1 . . Sentry 6 | . . . 4 . 2 . . . . . Demolisher 2 | . . . . . . 2 . . . . Hunter 1 | . . . . . . 1 . . . . Programmer 4 | . . . . . . 4 . . . . Z-Light 1 | . . . . . . . . . . 1 Assembled 6 | . . . . . . . . . . 6 Best Kill Streak 8 | 2 5 2 4 8 5 3 4 3 . 3 Combat Bots Only 5 | . 5 2 4 5 5 2 4 3 . 3 Max Kills in Single Turn 3 | 1 2 1 3 2 2 2 2 1 . 1 Gunslinging 1 | . 1 . . . . 1 . . . . Exploded 2 | . . . 2 1 . 1 2 . . . Melee 1 | . . . . . . . . . . 1 Uniques/NPCs Destroyed 1 | . . . . . . . . . . 1 Z-Imprinter (-7/Deep Caves) Combat | -11 -10 -10 -9 -9 -8 -7 -7 -7 -7 -7 -------- Run | Yrd Mat Min Mat Min Mat Fac Low Low Zio Dee Hostile Shots Fired 485 | . 32 19 61 19 131 51 19 20 . 133 Missed 141 | . 12 6 22 5 34 11 9 6 . 36 Hits 344 | . 20 13 39 14 97 40 10 14 . 97 Melee 7 | . . . 1 . 3 1 . 1 . 1 Projectile 337 | . 20 13 38 14 94 39 10 13 . 96 AOE 3 | . . . . . . 3 . . . . Critical Strikes 10 | . 1 . . . 4 4 . 1 . . Damage Taken 6786 | . 177 105 622 121 1485 698 165 231 . 3182 Core 1303 | . 53 16 101 19 378 134 . . . 602 Absorbed by Shields 50 | . . . . . . . . . . 50 Redirected to Shielding 218 | . . . . . . . . . . 218 Ignored by Resistances 33 | . . . . . . 33 . . . . Core Remaining (%) 68 | 100 . 72 . 70 31 . . . . . Volleys Fired 277 | 4 26 9 56 10 66 44 7 23 . 32 Largest 2 | 2 2 2 2 2 2 2 2 2 . 2 Hottest 120 | 40 40 40 63 66 66 58 55 53 . 120 Shots Fired 511 | 8 52 18 81 20 128 80 15 46 . 63 Gun 349 | 8 52 18 54 6 60 47 7 46 . 51 Cannon 132 | . . . 21 8 66 25 . . . 12 Launcher 30 | . . . 6 6 2 8 8 . . . Special . | . . . . . . . . . . . Kinetic 458 | 8 52 18 75 14 126 72 7 46 . 40 Thermal 23 | . . . . . . . . . . 23 Explosive 30 | . . . 6 6 2 8 8 . . . Electromagnetic . | . . . . . . . . . . . Robot Hit Streak 14 | 4 6 6 5 3 14 12 2 6 . 9 Robot Miss Streak 13 | 1 3 3 4 5 2 4 6 6 . 13 Penetration Max . | . . . . . . . . . . . Secondary Targets 4 | . 1 . . . . 1 . . . 2 Max Gunslinging Chain 1 | . 1 . . . . 1 . . . 1 Shots Hit Robots 336 | 6 32 10 51 9 93 56 5 35 . 39 Core Hits 213 | 3 16 4 34 9 50 28 9 32 . 28 Critical Kills 2 | 1 1 . . . . . . . . . Critical Parts Destroyed . | . . . . . . . . . . . Critical Strikes 6 | 1 1 . 1 1 2 . . . . . Destroy 2 | 1 1 . . . . . . . . . Blast 4 | . . . 1 1 2 . . . . . Melee Attacks 11 | . . . . . . 7 . . . 4 Impact . | . . . . . . . . . . . Slashing 11 | . . . . . . 7 . . . 4 Piercing . | . . . . . . . . . . . Sneak Attacks 4 | . . . . . . 4 . . . . Combat Hostiles . | . . . . . . . . . . . Follow-up Attacks . | . . . . . . . . . . . Damage Inflicted 7994 | 66 439 130 1318 383 1887 1724 602 588 . 857 Guns 3784 | 66 436 130 547 38 724 553 32 588 . 670 Cannons 1853 | . . . 231 86 975 437 . . . 124 Explosions 1922 | . . . 540 239 188 385 570 . . . Melee 412 | . . . . . . 349 . . . 63 Ramming 23 | . 3 . . 20 . . . . . . Kinetic 5265 | 66 436 130 778 124 1699 990 32 588 . 422 Thermal 372 | . . . . . . . . . . 372 Explosive 1922 | . . . 540 239 188 385 570 . . . Electromagnetic . | . . . . . . . . . . . Impact . | . . . . . . . . . . . Slashing 412 | . . . . . . 349 . . . 63 Piercing . | . . . . . . . . . . . Highest Corruption 3 | . . . . . . 3 3 3 3 . Average Corruption 2 | . . . . . . 2 3 3 3 . Corruption Purged . | . . . . . . . . . . . Corruption Blocked . | . . . . . . . . . . . Effects 22 | . . . . . . 7 8 7 . . Message Errors 7 | . . . . . . 3 2 2 . . Matter Fused 5 | . . . . . . 1 2 2 . . Heat Flow Errors 4 | . . . . . . 1 2 1 . . Energy Discharges 2 | . . . . . . . 1 1 . . Data Loss (minor) 2 | . . . . . . 1 . 1 . . Misfires 2 | . . . . . . 1 1 . . . Overload Shots . | . . . . . . . . . . . Overflow Damage 211 | . . . 19 14 17 161 . . . . Projectiles 41 | . . . . 6 12 23 . . . . Explosions 32 | . . . 19 8 5 . . . . . Melee 138 | . . . . . . 138 . . . . Knockbacks 20 | . . . . 1 14 3 . . . 2 Impact . | . . . . . . . . . . . Kinetic 19 | . . . . 1 13 3 . . . 2 Secondary 1 | . . . . . 1 . . . . . Self-Inflicted Damage 136 | . . . 83 10 13 30 . . . . Shots 6 | . . . 3 . 2 1 . . . . Rammed 2 | . 1 . . 1 . . . . . . Targets Rammed 2 | . 1 . . 1 . . . . . . Kicked . | . . . . . . . . . . . Crushed . | . . . . . . . . . . . Highest Temperature 353 | . 6 6 41 . 86 238 251 281 . 353 Average Temperature 65 | . 6 6 15 . 22 32 94 31 . 112 Received Heat Transfer 1964 | . 30 . 192 . 720 54 90 135 . 743 Effects 1 | . . . . . . . . . . 1 Energy Bleed 1 | . . . . . . . . . . 1 Siege Activations . | . . . . . . . . . . . Martial Activations . | . . . . . . . . . . . Shielding Activations . | . . . . . . . . . . . Robots Disrupted . | . . . . . . . . . . . Combat Hostiles . | . . . . . . . . . . . Robots Corrupted . | . . . . . . . . . . . Combat Hostiles . | . . . . . . . . . . . Parts Fried . | . . . . . . . . . . . Impact Corruptions . | . . . . . . . . . . . Robots Melted . | . . . . . . . . . . . Combat Hostiles . | . . . . . . . . . . . Parts Melted . | . . . . . . . . . . . Heat Transferred 518 | . . . . . . . . . . 518 Parts Sabotaged . | . . . . . . . . . . . Parts Stolen . | . . . . . . . . . . . Parts Stripped . | . . . . . . . . . . . Power Chain Reactions . | . . . . . . . . . . . Alert | -11 -10 -10 -9 -9 -8 -7 -7 -7 -7 -7 ------- Run | Yrd Mat Min Mat Min Mat Fac Low Low Zio Dee Maximum Alert Level 2 | . 1 . 1 . 2 1 . . . . Low Security (%) 83 | 100 82 100 93 100 29 99 . . . . Level 1 10 | . 17 . 6 . 37 . . . . . Level 2 5 | . . . . . 33 . . . . . Level 3 . | . . . . . . . . . . . Level 4 . | . . . . . . . . . . . Level 5 . | . . . . . . . . . . . High Security . | . . . . . . . . . . . Max Security . | . . . . . . . . . . . Peak Influence 467 | 10 233 108 231 184 467 200 . . . . Initial 191 | . . 58 6 40 61 191 . . . . Average 136 | 1 141 61 112 78 271 116 . . . . Influence Increases 2672 | 10 332 100 524 209 842 445 90 120 . . Destroy 0b10 Robot/C 1560 | . 180 60 300 120 480 240 80 100 . . Destroy 0b10 Robot/NC 125 | 10 15 . 35 15 10 40 . . . . Destroy Leader 380 | . 44 10 104 20 92 80 10 20 . . Allied During Kill 17 | . . . 17 . . . . . . . Successful Hack 50 | . 33 . 7 . 10 . . . . . Select Force Hacks 60 | . 60 . . . . . . . . . Disable Machine 75 | . . . 15 15 15 30 . . . . Anti-Garrison Action 150 | . . . . . 150 . . . . . Destroy Structure 135 | . . . 46 24 10 55 . . . . Lose Combat Pursuer 120 | . . 30 . 15 75 . . . . . Influence Decreases 2672 | 10 180 234 438 154 580 696 240 140 . . Entered New Map 565 | . . 94 12 64 98 230 63 4 . . Time Decay 1847 | 10 170 140 386 90 302 446 177 126 . . Lost Part 240 | . 10 . 40 . 160 20 . 10 . . Lost Ally 20 | . . . . . 20 . . . . . Squads Dispatched 16 | . 3 . 3 . 4 6 . . . . Investigation 5 | . 2 . 1 . 1 1 . . . . Extermination 3 | . . . . . . 3 . . . . Reinforcement 6 | . 1 . 2 . 1 2 . . . . Assault 2 | . . . . . 2 . . . . . Garrison . | . . . . . . . . . . . Intercept . | . . . . . . . . . . . Searches Triggered . | . . . . . . . . . . . Construction Impeded 2 | . . . 1 . 1 . . . . . Haulers Reinforced . | . . . . . . . . . . . Active Scanning Responses . | . . . . . . . . . . . Cargo Convoy Interrupts . | . . . . . . . . . . . Stealth | -11 -10 -10 -9 -9 -8 -7 -7 -7 -7 -7 --------- Run | Yrd Mat Min Mat Min Mat Fac Low Low Zio Dee Distress Signals 7 | . 2 . 1 . 4 . . . . . Communications Jammed . | . . . . . . . . . . . Distress Signals . | . . . . . . . . . . . Times Spotted 123 | . 10 5 25 6 35 15 4 6 . 17 Peak Tracking Total 8 | . 3 3 5 3 8 3 4 3 . 5 Tactical Retreats 5 | . . 1 . 1 3 . . . . . Traps | -11 -10 -10 -9 -9 -8 -7 -7 -7 -7 -7 ------- Run | Yrd Mat Min Mat Min Mat Fac Low Low Zio Dee Traps Triggered 5 | . . . 2 . 1 2 . . . . Indirectly . | . . . . . . . . . . . Trap Hack Attempts . | . . . . . . . . . . . Triggered . | . . . . . . . . . . . Disarmed . | . . . . . . . . . . . Reprogrammed . | . . . . . . . . . . . Reused . | . . . . . . . . . . . Traps Extracted . | . . . . . . . . . . . Installed . | . . . . . . . . . . . Triggered . | . . . . . . . . . . . Machines | -11 -10 -10 -9 -9 -8 -7 -7 -7 -7 -7 ---------- Run | Yrd Mat Min Mat Min Mat Fac Low Low Zio Dee Machines Disabled 7 | . . . 1 1 2 2 . . . 1 Max in Single Turn 1 | . . . 1 1 1 1 . . . . Garrison Access 1 | . . . . . 1 . . . . . Machines Repaired . | . . . . . . . . . . . Machines Dismantled . | . . . . . . . . . . . Machines Sabotaged . | . . . . . . . . . . . Overloaded Fab Kills . | . . . . . . . . . . . Hacking | -11 -10 -10 -9 -9 -8 -7 -7 -7 -7 -7 --------- Run | Yrd Mat Min Mat Min Mat Fac Low Low Zio Dee Machines Accessed 23 | . 7 1 4 . 5 4 1 . 1 . Terminals 17 | . 5 . 4 . 5 2 1 . . . Fabricators . | . . . . . . . . . . . Repair Stations . | . . . . . . . . . . . Recycling Units 4 | . 2 . . . . 2 . . . . Scanalyzers . | . . . . . . . . . . . Garrison Access . | . . . . . . . . . . . Total Hacks 69 | . 18 1 13 . 18 15 1 . 3 . Successful 42 | . 11 1 7 . 9 10 1 . 3 . Failed 26 | . 6 . 6 . 9 5 . . . . Catastrophic 4 | . . . 1 . 2 1 . . . . Database Lockouts 1 | . 1 . . . . . . . . . Manual 50 | . 15 . 11 . 16 3 . . 5 . Terminals 57 | . 16 . 13 . 18 9 1 . . . Fabricators . | . . . . . . . . . . . Repair Stations . | . . . . . . . . . . . Recycling Units 8 | . 2 . . . . 6 . . . . Scanalyzers . | . . . . . . . . . . . Garrison Access . | . . . . . . . . . . . Terminal Hacks 20 | . 5 1 3 . 4 3 1 . 3 . Record 1 | . . . . . . . 1 . . . Part Schematic 3 | . . . . . . . . . 3 . Robot Analysis 4 | . 2 . 2 . . . . . . . Open Door 1 | . . 1 . . . . . . . . Branch Access Points 3 | . 1 . . . 1 1 . . . . Terminal Index 2 | . . . . . 2 . . . . . Alert Level 2 | . . . . . . 2 . . . . Zone Layout 4 | . 2 . 1 . 1 . . . . . Fabricator Hacks . | . . . . . . . . . . . Repair Station Hacks . | . . . . . . . . . . . Recycling Unit Hacks 5 | . . . . . . 5 . . . . Process 1 | . . . . . . 1 . . . . Retrieve Matter 4 | . . . . . . 4 . . . . Scanalyzer . | . . . . . . . . . . . Garrison Access Hacks . | . . . . . . . . . . . Unauthorized Hacks 17 | . 6 . 4 . 5 2 . . . . Terminals 15 | . 4 . 4 . 5 2 . . . . Botnet 15 | . 4 . 4 . 5 2 . . . . Fabricators . | . . . . . . . . . . . Repair Stations . | . . . . . . . . . . . Recycling Units 2 | . 2 . . . . . . . . . Tunnel 2 | . 2 . . . . . . . . . Scanalyzers . | . . . . . . . . . . . Garrison Access . | . . . . . . . . . . . Data Cores Recovered . | . . . . . . . . . . . Used . | . . . . . . . . . . . Hacking Detections 16 | . 5 . 4 . 5 2 . . . . Full Trace Events 1 | . . . 1 . . . . . . . Feedback Events . | . . . . . . . . . . . Feedback Blocked . | . . . . . . . . . . . Robot Schematics Acquired 3 | . . . . . . . . . 3 . Robots Built . | . . . . . . . . . . . Authchips . | . . . . . . . . . . . Time . | . . . . . . . . . . . Total Robot Build Rating . | . . . . . . . . . . . Part Schematics Acquired 18 | . . . . . . . . . 18 . Parts Built . | . . . . . . . . . . . Authchips . | . . . . . . . . . . . Time . | . . . . . . . . . . . Total Part Build Rating . | . . . . . . . . . . . Parts Repaired . | . . . . . . . . . . . Time . | . . . . . . . . . . . Parts Recycled . | . . . . . . . . . . . Recycled Matter 23 | . . . . . . 23 . . . . Retrieved Matter 23 | . . . . . . 23 . . . . Retrieved Components . | . . . . . . . . . . . Parts Scanalyzed . | . . . . . . . . . . . Part Schematics Acquired . | . . . . . . . . . . . Parts Damaged . | . . . . . . . . . . . Bothacking | -11 -10 -10 -9 -9 -8 -7 -7 -7 -7 -7 ------------ Run | Yrd Mat Min Mat Min Mat Fac Low Low Zio Dee Used RIF Installer . | . . . . . . . . . . . Robots Hacked . | . . . . . . . . . . . Non-combat . | . . . . . . . . . . . Combat . | . . . . . . . . . . . Robot Hacks Applied . | . . . . . . . . . . . Relay Couplers Released 2 | . . . . . 2 . . . . . Machine Destruction 2 | . . . . . 2 . . . . . Fabnet Peak Effective % . | . . . . . . . . . . . Robots Rewired . | . . . . . . . . . . . Allies Hacked . | . . . . . . . . . . . Hacks Repelled . | . . . . . . . . . . . Allies | -11 -10 -10 -9 -9 -8 -7 -7 -7 -7 -7 -------- Run | Yrd Mat Min Mat Min Mat Fac Low Low Zio Dee Total Allies 4 | . . 1 . 1 . . . . 2 . Largest Group 2 | . . 1 1 1 1 . . . 2 2 Highest-Rated Group 192 | . . 31 31 31 31 . . . 192 192 Highest-Rated Ally 96 | . . 31 31 31 31 . . . 96 96 Total Orders . | . . . . . . . . . . . Ally Attacks 101 | . . . 16 . 4 . . . . 81 Total Damage 2483 | . . . 211 . 61 . . . . 2211 Kills 19 | . . . 4 . . . . . . 15 Allies Corrupted . | . . . . . . . . . . . Allies Melted . | . . . . . . . . . . . Intel | -11 -10 -10 -9 -9 -8 -7 -7 -7 -7 -7 ------- Run | Yrd Mat Min Mat Min Mat Fac Low Low Zio Dee Active Infowar (turns) 1956 | 49 399 292 958 233 25 . . . . . Sensors 1882 | . 374 292 958 233 25 . . . . . Terrain 162 | 49 113 . . . . . . . . . Robot Analysis Total 4 | . 2 . 2 . . . . . . . Derelict Logs Recovered 5 | . . 1 . . . . 1 2 1 . Drone Launches . | . . . . . . . . . . . Drone Recoveries . | . . . . . . . . . . . Exploration | -11 -10 -10 -9 -9 -8 -7 -7 -7 -7 -7 ------------- Run | Yrd Mat Min Mat Min Mat Fac Low Low Zio Dee Turns Passed 6355 | 86 399 292 958 233 674 1115 385 466 1105 642 Spaces Moved 4083 | 71 373 262 434 117 296 735 303 334 792 366 Core 7 | 2 . . 4 . 1 . . . . . Treads 4 | 4 . . . . . . . . . . Legs . | . . . . . . . . . . . Wheels 4072 | 65 373 262 430 117 295 735 303 334 792 366 Hover . | . . . . . . . . . . . Flight . | . . . . . . . . . . . Fastest Speed 50 | 50 80 80 100 165 122 114 120 120 120 120 Average Speed 123 | 83 82 80 173 169 139 122 120 120 120 132 Slowest Speed 2450 | 160 95 80 250 180 2450 146 120 120 120 320 Overloaded Moves . | . . . . . . . . . . . Propulsion Burnouts . | . . . . . . . . . . . Robots Hopped . | . . . . . . . . . . . Potential Cave-ins . | . . . . . . . . . . . Cave-ins Triggered . | . . . . . . . . . . . Exploration Rate (%) 47 | 4 83 73 46 28 24 24 54 55 82 53 Regions Visited 10 Branch Regions 6 Pre-discovered Areas 5 | . 2 . . . . . . 1 2 . Known Exits Taken 3 | . 1 . . . . 1 1 . . . Unknown Exits Taken 7 | 1 . 1 1 1 1 . . 1 1 . Scrap Searched 5 | . . 1 . . . . 1 2 1 . Spaces Dug 1 | . . . . . . 1 . . . . Terrain Destroyed 219 | . . . 51 46 8 59 51 . . 4 Melee 1 | . . . . . . 1 . . . . Projectile 9 | . . . . 2 3 . . . . 4 AOE 209 | . . . 51 44 5 58 51 . . . Terrain Rammed . | . . . . . . . . . . . Walls Destroyed . | . . . . . . . . . . . Machines Disabled . | . . . . . . . . . . . Actions | -11 -10 -10 -9 -9 -8 -7 -7 -7 -7 -7 --------- Run | Yrd Mat Min Mat Min Mat Fac Low Low Zio Dee Total 4898 | 85 411 326 552 130 426 889 312 363 946 458 Wait 284 | . 2 50 18 . 23 29 1 3 154 4 Move 4073 | 70 372 261 433 116 295 734 302 333 791 366 Hop . | . . . . . . . . . . . Pick Up 72 | 4 2 2 24 . 11 18 . 1 1 9 Fast Attach 38 | 6 2 . 3 . 7 8 . . . 12 Attach 41 | . . 1 3 . 16 5 . 1 . 15 Detach 10 | . . . . . 3 4 . . . 3 Swap 45 | 1 3 1 13 3 4 12 2 . . 6 Drop 45 | . 3 2 2 . 1 28 . 2 . 7 Fire 277 | 4 26 9 56 10 66 44 7 23 . 32 Melee 11 | . . . . . . 7 . . . 4 Ram 1 | . . . . 1 . . . . . . Kick . | . . . . . . . . . . . Crush 1 | . 1 . . . . . . . . . Escape Stasis . | . . . . . . . . . . . Rewire . | . . . . . . . . . . . Trap . | . . . . . . . . . . . Miscellaneous . | . . . . . . . . . . . Route ------- -11/Scrapyard -10/Materials (discovered 5 exits: *Mat x3 / *Min x2) -10/Mines -9/Materials (discovered 2 exits: *Mat / [*Min]) -9/Mines (discovered 2 exits: *Mat x2) -8/Materials -7/Factory (discovered 2 exits: *Low x2) -7/Lower Caves -7/Lower Caves (discovered 2 exits: Fac / *Zio) -7/Zion (discovered 2 exits: [*Dee] / [*Pro]) -7/Deep Caves History --------- Turn | Location | Event 41 | -11/Scrapyard | Discovered new exit (range 15) 87 | -11/Scrapyard | Entered Materials 215 | -10/Materials | Identified exit to Mines 281 | -10/Materials | Discovered new exit (range 7) 300 | -10/Materials | Build established: Mutant 406 | -10/Materials | Discovered new exit (range 14) 468 | -10/Materials | Central database locked down 474 | -10/Materials | Discovered new exit (range 16) 486 | -10/Materials | Entered Mines 591 | -10/Mines | Met a Derelict who couldn't figure out how to use a Trap Extractor 627 | -10/Mines | Learned Materials emergency access door positions 707 | -10/Mines | Received a Rocket Launcher from a helpful Derelict 730 | -10/Mines | A weapon hastily lodged in a ceiling crevice suddenly fell to the ground 764 | -10/Mines | Discovered new exit (range 13) 772 | -10/Mines | Received a Mining Laser from a helpful Derelict 778 | -10/Mines | Entered Materials 778 | -9/Materials | Accompanied by 1 ally 778 | -9/Materials | Evolved 2 slots: Utility x2 1012 | -9/Materials | Discovered new exit (range 8) 1061 | -9/Materials | Lost 3 parts (2n1w) 1094 | -9/Materials | Build established: Hauler-Mutant 1688 | -9/Materials | Discovered new exit (range 12) 1736 | -9/Materials | Entered Mines 1850 | -9/Mines | Discovered new exit (range 7) 1958 | -9/Mines | Discovered new exit (range 6) 1959 | -9/Mines | Escorted by a lone wolf Derelict 1969 | -9/Mines | Entered Materials 1969 | -8/Materials | Accompanied by 1 ally 1969 | -8/Materials | Evolved 2 slots: Propulsion x2 2165 | -8/Materials | Lost 8 parts (1p4n3w) 2327 | -8/Materials | Discovered new exit (range 15) 2369 | -8/Materials | Core integrity fell below 50% 2441 | -8/Materials | Lost 5 parts (3n2w) 2643 | -8/Materials | Entered Factory 2643 | -7/Factory | Evolved 2 slots: Propulsion x1, Utility x1 3592 | -7/Factory | Identified exit to Lower Caves 3758 | -7/Factory | Entered Lower Caves 4075 | -7/Lower Caves | Identified exit to Lower Caves 4143 | -7/Lower Caves | Entered another Lower Caves area 4147 | -7/Lower Caves | Identified exit to Factory 4595 | -7/Lower Caves | Encountered a Warlord checkpoint 4598 | -7/Lower Caves | Discovered new exit (range 10) 4609 | -7/Lower Caves | Entered Zion 4654 | -7/Zion | System corruption cleaned by Quarantine Array 4680 | -7/Zion | Found CR-A16's Pointy Stick 4696 | -7/Zion | Discovered new exit (range 15) 4787 | -7/Zion | Given A8's code to call for help 5186 | -7/Zion | Learned location of Quarantine (-3) 5201 | -7/Zion | Learned location of Warlord (-5) 5207 | -7/Zion | Acquired unknown access codes intercepted by a Zionite 5373 | -7/Zion | Learned 8 Factory zone layouts 5646 | -7/Zion | Opened final containment barrier to the Deep Caves 5660 | -7/Zion | Enhanced Grunt warped into view, answering call for help 5674 | -7/Zion | Enhanced Grunt warped into view, answering call for help 5701 | -7/Zion | Discovered new exit (range 3) 5701 | -7/Zion | Saw the warning signs outside the Deep Caves entrance 5714 | -7/Zion | Entered Deep Caves 5714 | -7/Deep Caves | Accompanied by 2 allies 5882 | -7/Deep Caves | Attacked by Z-Imprinter 5894 | -7/Deep Caves | Z-Facility disabled 5927 | -7/Deep Caves | Allies destroyed Z-Imprinter 5951 | -7/Deep Caves | Found Prototype Protection 5951 | -7/Deep Caves | Identified Zio. Weapon Casing 5962 | -7/Deep Caves | Lost 6 parts (1p2n2u1w) 6052 | -7/Deep Caves | Core integrity fell below 50% 6074 | -7/Deep Caves | Found Zio. Weapon Casing 6092 | -7/Deep Caves | Found Zio. Weapon Casing 6094 | -7/Deep Caves | Lost 5 parts (1p2n2u) 6321 | -7/Deep Caves | Spotted AG-41829 6351 | -7/Deep Caves | Core integrity fell below 20% 6356 | -7/Deep Caves | Destroyed by AG-41829 with Assembled Focal Cannon Last Messages --------------- 06262_ as-31885 destroyed. 06262_ Switching to secondary target: as-74937. 06268_ as-74937 destroyed. 06274_ Acquired 10 matter. 06283_ Acquired 16 matter. 06324_ AG-41829: "DSI9AT1D G8OHIBQ29FWG 26R186 QD12WHW8W33 TDK1 81FTS" 06325_ Destroyed Carbon-fiber Leg. 06326_ Zio. Light Carapace destroyed. 06332_ SQ-ZFA(b) destroyed. 06334_ Zio. Laser-S destroyed. 06334_ Zio. Light Carapace destroyed. 06334_ Zio. Glidesys I destroyed. 06337_ Zio. Light Carapace destroyed. 06343_ Phase Shifter destroyed. 06347_ Arm. Huge Wheel destroyed. 06347_ Wheel destroyed. 06352_ OI-A9T(s) destroyed. 06353_ Zio. Weapon Casing destroyed. 06356_ Zio. Light DM Reactor destroyed. Map ----- +----------------------------------------------------+ | ??????????????????????????????????????????? | | ??????????????????????????????????????????? | | ??????????????????????????????????????????? | | ??????????????????????????????????????????? | | ??????????????????????????????????????????? | | ??????????????????????????????????????????? | | ??????????????????????????????????????????? | | ??????????????????????????????????????????? | | ??????????????????????????????????????????? | | ?????????????????/ / ????????????????? | | ??????????????? / / #?????????????? | | ???????????? #???????????? | | ?????????? #???????????? | | ????????# ! ! #???????????? | | ????????? s !/ #???????????? | | ?????????" #????????????# | | ?????????" ] #?????????#### | | ?????????" ] ] ! #????????## # | | ?????????" ##???????# | | ????????"" ] ! ##??????# | | ????????# * * * ;#??????# | | ????????" % #???????# | | ????????" l * ######### | | ????????" G ** g | | ??????????" | | ????????" /%* @ | | ????????"" s ######## | | ????????" #??????# | | ????????"" ##??????# | | ????????" # # #???????# | | ????????" #### ## ## ##???????## | | ????????""" ##???# ## ####?????????### | | ?????????" ?????#### #??????????????#### | | ?????????####??????????#??????????????????? | | | | | | | | | | | | | | | | | | | | | | | | | | | | | | | | | +----------------------------------------------------+ Best States ------------- Heat Dissipation 56 Energy Generation 27 Energy Capacity 290 Matter Stores 300 Matter Capacity 300 Sight Range 16 Robot Scan Range 14 Terrain Scan Range 16 Terrain Scan Density 10 Armor Coverage 800 Resistance: EM 15 Weapon Shielding 100 Phase Shifting 5 Evasion (%) 45 Recoil Reduction 2 Offensive Hacking 10 Defensive Hacking 10 Item Schematics ----------------- Dynamic Insulation System | -7/Zion | Archive Adv. Sensor Array | -7/Zion | Archive Imp. Medium Armor Plating | -7/Zion | Archive IFF Parser | -7/Zion | Archive Powered Hammer | -7/Zion | Archive Thermal Shield | -7/Zion | Archive Imp. Field Recycling Unit | -7/Zion | Archive Tesla Rifle | -7/Zion | Archive Variable Charge Gun | -7/Zion | Archive Xenon Bombardment Thruster | -7/Zion | Archive Adv. Terrain Scanner | -7/Zion | Archive Power Amplifier | -7/Zion | Archive Hvy. Laser | -7/Zion | Archive Imp. Melee Analysis Suite | -7/Zion | Archive Imp. Core Shielding | -7/Zion | Archive Riot Gun | -7/Zion | Free Hvy. Riot Gun | -7/Zion | Free Barrage Gun | -7/Zion | Free Robot Schematics ------------------ B-48 Gladiator | -7/Zion | Archive A-02 Transporter | -7/Zion | Archive H-55 Commando | -7/Zion | Archive Fabricated ------------ Nothing Repaired ---------- Nothing Alien Tech Used ----------------- None Achievements -------------- None Challenges ------------ None Game ------ Seed TargetFrostMultitool Manual? 0 Play Time 01:01:56 Cumulative 246.1 hours Start 2025.06.16 @ 17:29:30 End 2025.06.16 @ 18:31:01 Sessions 1 Manual Loads 0 Difficulty Rogue Special Mode None Game No. 127 Rogue 127 Adventurer 0 Explorer 0 Win Type - Total 16 Types 6/0/5/1/3/1/0/0/0/0 Lore% 83 Gallery% 70 Achievement% 66 Wizard Run 0 Options --------- Layout 1 ASCII 0 Keyboard 0 Movement Numpad Keybinds 0 Fullscreen 1 Font 24/Smallcaps Map View 50x35 Zoom Use 0% Tactical HUD 1 Map Filters NONE Filters NONE Steam 1 RUN: 203737dc-2422-4366-b1e5-b819f75e1ab8